 Dungeon Crawl Stone Soup version 0.28-a0-1506-g3893175d92 (webtiles) character file.

Game seed: 2692991153301474800

17 murtidash the Magician (level 2, 21/21 HPs)
             Began as a Djinni Ice Elementalist on Jan 13, 2022.
             Was a Follower of Zin.
             Quit the game on level 1 of the Dungeon.
             The game lasted 00:00:44 (578 turns).

murtidash the Magician (Djinni Ice Elementalist)     Turns: 578, Time: 00:00:45

Health: 21/21      AC:  2    Str:  7    XL:     2   Next: 80%
Gold:   0          EV: 12    Int: 16    God:    Zin [*.....] SH:  0 Dex: 13

rFire   + + .      SeeInvis .   c - +0 dagger
rCold   x . .      Faith    .   (no shield)
rNeg    . . .      Spirit   .   a - +0 robe
rPois   ∞          Reflect  .   (no helmet)
rElec   .          Harm     .   (no cloak)
rCorr   .          Rampage  .   (no gloves)
Will    .....                   (boots unavailable)
Stlth   ++........              (no amulet)
HPRegen 0.07/turn               (no ring)
MPRegen 0.00/turn               (no ring)

@: flying
A: sickness immunity, fire resistance 2, cold vulnerability 1, float, innate
caster, hp casting, extra vitality 1
a: Renounce Religion, Recite, Donate Gold


You were on level 1 of the Dungeon.
You worshipped Zin.
Zin was aware of your devotion.
You visited 1 branch of the dungeon, and saw 1 of its levels.

Inventory:

Hand Weapons
 c - a +0 dagger (weapon)
   (You took it off a goblin on level 1 of the Dungeon)
Armour
 a - a +0 robe (worn)
Scrolls
 d - a scroll of enchant weapon {unknown}
 e - 3 scrolls of identify {unknown}
Potions
 b - a potion of brilliance {unknown}


   Skills:
 - Level 2.1 Dodging
 - Level 1.5 Stealth
 + Level 3.8 Spellcasting


You couldn't memorise any spells.
You knew the following spells:

 Your Spells              Type           Power      Damage    Failure   Level
a - Frozen Ramparts       Ice            30%        1d5       11%         3
A - Ozocubu's Armour      Ice            15%        N/A       11%         3
X - Hailstorm             Conj/Ice       15%        3d5       34%         4
Z - Freeze                Ice            60%        1d8       3%          1
Your spell library was empty.

Dungeon Overview and Level Annotations

Branches:
Dungeon (1/15)

Altars:
Zin


Innate Abilities, Weirdness & Mutations

You are immune to sickness and miasma.
You are immune to poison.
Your flesh is very heat resistant. (rF++)
You are vulnerable to cold. (rC-)
You float through the air rather than walking.
You learn spells naturally, not from books.
Your magical power is your life essence.
You have superior vitality. (+4 MHP)


Message History

g - Guard the area. f - Follow me.
Anything else - Cancel.
You shout for attention!
The jackal barks! x3; You hear a shout!
Aim: a jackal You freeze the jackal.
The jackal barely misses you. The jackal closely misses you.
You take 1 damage, and have 14/15 hp.
Aim: a jackal (heavily wounded)
You freeze the jackal.
You kill the jackal!
You have reached level 2!
You regained 5 hp, and now have 19/21 hp.
The jackal closely misses you.
Aim: a jackal You freeze the jackal.
The jackal bites you.
You take 3 damage, and have 16/21 hp.
Aim: a jackal (moderately wounded)
You freeze the jackal.
You kill the jackal!
You take 1 damage, and have 15/21 hp.
Aim: a jackal You freeze the jackal.
The jackal closely misses you. x2
You take 1 damage, and have 14/21 hp.
Aim: a jackal (lightly wounded)
You freeze the jackal.
You kill the jackal!
A hobgoblin comes into view.
You can't see any susceptible monsters within range! (Use Z to cast anyway.)
You take 1 damage, and have 13/21 hp.
You can't see any susceptible monsters within range! (Use Z to cast anyway.)
You can't see any susceptible monsters within range! (Use Z to cast anyway.)
What are your orders? t - Shout!
Orders for allies: a - Attack new target. r - Retreat! s - Stop attacking. g - Guard the area. f - Follow me.
Anything else - Cancel.
You shout for attention!
Aim: a hobgoblin You freeze the hobgoblin.
The hobgoblin hits you.
You take 2 damage, and have 12/21 hp.
Aim: a hobgoblin (severely wounded)
You freeze the hobgoblin.
You kill the hobgoblin!
You take 1 damage, and have 11/21 hp.
You can't see any susceptible monsters within range! (Use Z to cast anyway.)
You can't see any susceptible monsters within range! (Use Z to cast anyway.)
A rat comes into view.
A rat is nearby!
A rat is nearby!
A dart slug comes into view.
Aim: a rat You freeze the rat.
You kill the rat!
You take 1 damage, and have 10/21 hp.
You can't see any susceptible monsters within range! (Use Z to cast anyway.)
You are too injured to fight recklessly!
You are too injured to fight recklessly!
You are too injured to fight recklessly!
You hit the dart slug. The dart slug completely misses you.
Aim: a dart slug (lightly wounded)
You freeze the dart slug. The dart slug bites you.
You take 2 damage, and have 9/21 hp.
Aim: a dart slug (heavily wounded)
You freeze the dart slug.
You kill the dart slug!
You take 1 damage, and have 8/21 hp.
You can't see any susceptible monsters within range! (Use Z to cast anyway.)
You can't see any susceptible monsters within range! (Use Z to cast anyway.)
A jackal comes into view.
You regained 2 hp, and now have 10/21 hp.
A jackal is nearby!
A jackal is nearby!
You start resting.
A dart slug comes into view.
Things that are here:
a rat corpse; a jackal corpse The dart slug launches a dart at you.
The slug dart misses you.
You hit the dart slug but do no damage. The dart slug bites you.
You take 2 damage, and have 9/21 hp.
Aim: a dart slug You freeze the dart slug!
You take 1 damage, and have 8/21 hp.
Aim: a dart slug (severely wounded)
You freeze the dart slug!
You kill the dart slug!
You take 1 damage, and have 7/21 hp.
You can't see any susceptible monsters within range! (Use Z to cast anyway.)
You start resting.
Health restored: 21
Found a stone staircase leading down.
d - a scroll labelled IJEIQU GYQYU
Found a faded altar of an unknown god.
e - 3 scrolls labelled QERITH XE GERES
There is a faded altar of an unknown god here.
You cannot tell which god this altar belongs to.
Convert to them anyway?
Zin accepts your prayer! Zin welcomes you!
You can now donate money to Zin.
You can now recite Zin's Axioms of Law.

...... ......... #....#
....... #....# ......
#....# ..... #....# #.(.#
#....###### #...#
#..........
#####...######....######
.......@................
#####...########.#.#####
#######...# #.#......
..........# #.#######
######..(.########.#######
................÷.........
.###.....#########........
#.....#####........####
#.....................#


There were no monsters in sight!

Vanquished Creatures
  2 dart slugs (D:1)
  2 goblins (D:1)
  A hobgoblin (D:1)
  5 jackals (D:1)
  A rat (D:1)
11 creatures vanquished.

Notes
Turn   | Place    | Note
-------+----------+-------------------------------------------
     0 | D:1      | murtidash the Djinni Ice Elementalist began the quest for
                  | the Orb.
     0 | D:1      | Reached XP level 1. HP: 15/15 MP: 0/0
   280 | D:1      | Reached XP level 2. HP: 19/21 MP: 0/0
   568 | D:1      | Found a faded altar of an unknown god.
   577 | D:1      | Prayed at the altar of an unknown god.
   577 | D:1      | Became a worshipper of Zin the Law-Giver
   577 | D:1      | Reached * piety under Zin
   578 | D:1      | Quit the game

Illustrated notes

Levels and vault maps discovered:
D:1:      psy_arrival_spokes, layout_basic, basic_ecumenical_altar

Action                   || total
-------------------------++-------
Melee: Dagger            ||     2
 Cast: Freeze            ||    19
Armor: Robe              ||     1
Dodge: Dodged            ||    12

Table legend: (Time is in decaauts)
 A = Elapsed time spent in this place.
 B = Non-inter-level travel time spent in this place.
 C = Inter-level travel time spent in this place.
 D = Time resting spent in this place.
 E = Time spent auto-exploring this place.
 F = Levels seen in this place.
 G = Mean time per level.
                   A        B        C        D        E       F      G
               +--------+--------+--------+--------+--------+-----+--------+
         Total |    577 |    577 |      0 |    194 |    305 |   1 |  577.0 |
       Dungeon |    577 |    577 |      0 |    194 |    305 |   1 |  577.0 |
               +--------+--------+--------+--------+--------+-----+--------+

Top non-repeatable levels by time:
     D:1: 577 daAuts

Table legend:
 A = Kills in this place as a percentage of kills in entire the game.
 B = Kills by you in this place as a percentage of kills by you in the entire game.
 C = Kills by friends in this place as a percentage of kills by friends in the entire game.
 D = Other kills in this place as a percentage of other kills in the entire game.
 E = Experience gained in this place as a percentage of experience gained in the entire game.
 F = Experience gained in this place divided by the number of levels of this place that you have seen.
                   A       B       C       D       E      F
               +-------+-------+-------+-------+-------+----------------------
         Total | 100.0 | 100.0 |   N/A |   N/A | 100.0 |  25.0
       Dungeon | 100.0 | 100.0 |   N/A |   N/A | 100.0 |  25.0
               +-------+-------+-------+-------+-------+----------------------
